 Dungeon Crawl Stone Soup version 0.18-a0-1805-g8ab820f (webtiles) character file.

539 graki42 the Conjurer (level 7, -1/37 HPs)
             Began as a Deep Elf Conjurer on Apr 27, 2016.
             Slain by an adder (2 damage)
             ... on level 5 of the Dungeon.
             The game lasted 00:18:19 (3678 turns).

graki42 the Conjurer (Deep Elf Conjurer)            Turns: 3678, Time: 00:18:19

Health: -1/37      AC:  4    Str:  7    XL:     7   Next: 5%
Magic:  4/17       EV: 10    Int: 17    God:
Gold:   149        SH:  8    Dex: 15    Spells: 4 memorised, 7 levels left

rFire  . . .     SeeInvis .     h - +1 dagger (venom)
rCold  . . .     Gourm    .     a - +0 robe
rNeg   . . .     Faith    .     w - +2 shield
rPois  .         Spirit   .     (no helmet)
rElec  .         Dismiss  .     d - +0 cloak
rCorr  .         Reflect  .     (no gloves)
SustAt .         Harm     .     e - +0 pair of boots
MR     .....                    (no amulet)
Stlth  ++........               r - -3 ring of intelligence (curse)
                                s - ring of wizardry

@: not resistant to hostile enchantments, unstealthy
A: no striking features
a: no special abilities


You were on level 5 of the Dungeon.
You were not hungry.

You visited 1 branch of the dungeon, and saw 5 of its levels.

You collected 149 gold pieces.

Inventory:

Hand Weapons
 h - a +1 dagger of venom (weapon)
 v - the +10 shortbow of the Fifty Tales {venom, Str+4}
   (You found it on level 4 of the Dungeon)

   It poisons the ammo it fires.
   It affects your strength (+4).
Missiles
 m - a throwing net (quivered)
 y - 22 arrows
Armour
 a - a +0 robe (worn)
 d - a +0 cloak (worn)
 e - a +0 pair of boots (worn)
 w - a +2 shield (worn)
Jewellery
 j - an uncursed ring of flight
 q - an uncursed ring of sustain attributes
 r - a cursed -3 ring of intelligence (right hand)
 s - a ring of wizardry (left hand)
Wands
 n - a wand of flame (46/48)
Scrolls
 f - 3 scrolls of identify
 i - a scroll of magic mapping
 k - a scroll of recharging
 u - a scroll of blinking
Potions
 g - 2 potions of mutation {unknown}
 l - a potion of ambrosia {unknown}
 t - a potion of degeneration {unknown}
 z - a potion of flight {unknown}
 B - a potion of curing {unknown}
Books
 b - a book of Conjurations

   Spells                             Type                      Level
   a - Magic Dart                     Conjuration                  1
   b - Searing Ray                    Conjuration                  2
   c - Dazzling Spray                 Conjuration/Hexes            3
   d - Fulminant Prism                Conjuration/Hexes            4
   e - Iskenderun's Mystic Blast      Conjuration                  4
   f - Iskenderun's Battlesphere      Conjuration/Charms           5
Comestibles
 c - 4 bread rations
 o - 2 meat rations
 p - 5 royal jellies
 A - 3 fruits


   Skills:
 + Level 0.4 Fighting
 + Level 3.0 Dodging
 + Level 3.4 Stealth
 + Level 5.8 Spellcasting
 * Level 7.7 Conjurations


You had 7 spell levels left.
You knew the following spells:

 Your Spells              Type           Power        Failure   Level  Hunger
a - Magic Dart            Conj           ####         1%          1    None
b - Searing Ray           Conj           ####..       3%          2    #......
c - Dazzling Spray        Conj/Hex       ###.....     34%         3    ##.....
d - Iskenderun's Mystic   Conj           ####....     16%         4    ####...


Dungeon Overview and Level Annotations

Branches:
Dungeon (5/15)             Temple (0/1) D:5

Altars:
Elyvilon
Gozag
Pakellas


Message History

Confirm with . or Enter, or press ? or * to list all spells.
Aiming: Searing Ray
Press: ? - help, Shift-Dir - straight line, f - orc priest, p - centaur zombie
Aim: an orc priest, wielding a whip The searing ray hits the centaur zombie.
The centaur zombie hits you. x2
The searing ray hits the centaur zombie.
You block the centaur zombie's attack.
The searing ray hits the centaur zombie.
The centaur zombie barely misses you.
The orc priest invokes the aid of Beogh against you.
Beogh smites you!
* * * LOW HITPOINT WARNING * * *
The searing ray hits the centaur zombie.
You destroy the centaur zombie!
You have reached level 7!
The searing ray hits the adder.
The adder is almost dead.
The adder bites you.
You die...

***,,,,,,..........######.###
*,,,,,,,....................#
*,,,,,,,....................#
***,,,,,....................#
***,,,....................#
****..............^.....#
**#..........#.......#
**##.......#.......#
##)@...###......# ********
*#S##..#*#.....(##
,,,,,<,******#.r*#...###......# *
,,,,,,,,,,,,.oo#*##...##......###
,,,,,,,,,,,....,,,##..##....<.#..
,,,,,,,,,......,,,**#..##........
,,,,,,,,,.....,,,** *#..#........
,,,,,,,,,.....,,,* *#..........
,,,,,,,,,,,,,,,,** #..........


You could see an orc priest, an adder, an orc and a quokka.

Vanquished Creatures
  A black bear (D:4)
  A scorpion (D:3)
  A howler monkey (D:5)
  A centaur zombie (D:5)
  A giant frog zombie (D:3)
  A hound (D:4)
  An orc priest (D:3)
  Ijyb (D:2)
  An iguana (D:3)
  2 orc wizards (D:5)
  3 adders
  2 worms
  3 giant geckos
  12 orcs
  3 giant cockroaches
  10 goblins
  7 hobgoblins
  12 jackals
  7 kobolds
  3 quokkas
  A ball python (D:3)
  9 bats
  A giant gecko skeleton (D:4)
  4 giant newts
  8 rats
96 creatures vanquished.

Notes
Turn   | Place    | Note
--------------------------------------------------------------
     0 | D:1      | graki42 the Deep Elf Conjurer began the quest for the Orb.
     0 | D:1      | Reached XP level 1. HP: 10/10 MP: 6/6
   190 | D:1      | Reached XP level 2. HP: 15/15 MP: 0/8
   266 | D:1      | Learned a level 2 spell: Searing Ray
   282 | D:1      | Reached skill level 5 in Conjurations
   470 | D:2      | Noticed Ijyb
   491 | D:2      | Killed Ijyb
   491 | D:2      | Reached XP level 3. HP: 2/19 MP: 2/9
  1092 | D:2      | Reached XP level 4. HP: 24/24 MP: 8/11
  1388 | D:2      | Reached skill level 6 in Conjurations
  1406 | D:2      | Learned a level 3 spell: Dazzling Spray
  1411 | D:2      | Learned a level 4 spell: Iskenderun's Mystic Blast
  1470 | D:2      | Found an oddly glowing altar of Pakellas.
  1476 | D:2      | Found a white marble altar of Elyvilon.
  1937 | D:3      | Reached XP level 5. HP: 24/28 MP: 8/13
  2750 | D:4      | Found an opulent altar of Gozag.
  2754 | D:4      | Reached skill level 5 in Spellcasting
  2754 | D:4      | Reached skill level 7 in Conjurations
  2754 | D:4      | Reached XP level 6. HP: 32/32 MP: 11/15
  2937 | D:4      | Got a twisted shortbow
  2938 | D:4      | Identified the +10 shortbow of the Fifty Tales {venom, Str+4} (You found it on level 4 of the Dungeon)
  3590 | D:5      | Entered Level 5 of the Dungeon
  3677 | D:5      | HP: 1/33 [orc priest/divine providence (14)]
  3678 | D:5      | Reached XP level 7. HP: 1/37 MP: 5/17
  3678 | D:5      | Slain by an adder

Vault maps used:
D:1:      dpeg_arrival_rooms_c, st_stairs_10
D:2:      minitemple, uniq_iyjb
D:3:      first_bread
D:4:      black_bear_nest_1, nicolae_gozag_seed_capital
D:5:      slow_altar_2, trog_eyes_of_draining, nicolae_ru_awakened_eye,
          minmay_temple_entry_butterflies, portal_sewer_entry_b

Skill      XL: |  1  2  3  4  5  6 |
---------------+-------------------+-----
Conjurations   | 5 6 7 |  7.7
Spellcasting   | 4 5 |  5.8
Stealth        | 3 |  3.4
Dodging        | 3 |  3.0
Fighting       | |  0.4

Action                   |  1- 3 |  4- 6 |  7- 9 || total
-------------------------+-------+-------+-------++-------
Melee: Dagger            |     6 |     8 |       ||    14
 Cast: Magic Dart        |    42 |    73 |       ||   115
       Searing Ray       |     2 |    14 |       ||    16
       Dazzling Spray    |       |     3 |       ||     3
  Use: Scroll            |       |     6 |       ||     6
 Stab: Invisible         |       |     1 |       ||     1
  Eat: Chunk             |       |     9 |       ||     9
Armor: Robe              |     4 |     8 |       ||    12
Dodge: Dodged            |     5 |    22 |       ||    27
Block: Shield            |       |     5 |       ||     5
